 Dungeon Crawl Stone Soup version 0.30-a0-756-gc2185399d4 (webtiles) character file.

Game seed: 6423672555023715788

268550 Flugkiller the Convoker (level 20, 0/173 (174) HPs)
             Began as a Hill Orc Summoner on Feb 9, 2023.
             Was the Champion of Cheibriados.
             Killed from afar by an ironbound thunderhulk (59 damage)
             ... with a bolt of lightning
             ... on level 2 of the Vaults.
             The game lasted 01:13:30 (44651 turns).

Flugkiller the Convoker (Hill Orc Summoner)        Turns: 44651, Time: 01:13:31

HP:   0/173 (174)   AC: 35    Str: 32    XL:     20   Next: 15%
MP:   17/36         EV: 19    Int: 36    God:    Cheibriados [******]
Gold: 2636          SH: 10    Dex: 26    Spells: 10/44 levels left

rFire   + + +      SeeInvis .    j - +4 broad axe (flame)
rCold   . . .      Faith    .    M - +2 buckler
rNeg    . . .      Spirit   .    K - +9 fire dragon scales "Duttalas" {rF++ rC- Str+3}
rPois   +          Reflect  .    R - +2 helmet
rElec   .          Harm     .    s - +2 cloak
rCorr   .          Rampage  .    u - +2 pair of gloves
Will    +++..                    G - +2 pair of boots
Stlth   +                        C - amulet of magic regeneration
HPRegen 0.48/turn                c - ring of protection from cold
MPRegen 0.65/turn                o - ring "Hayfays" {rPois rF+ Will+ Slay+3}

@: lightly drained, very slow
A: strong-willed 1, screaming 1
}: 2/15 runes: barnacled, gossamer
a: Renounce Religion, Bend Time, Temporal Distortion, Slouch, Step From Time


You were on level 2 of the Vaults.
You worshipped Cheibriados.
Cheibriados was exalted by your worship.
You visited 7 branches of the dungeon, and saw 33 of its levels.
You also visited: Sewer and Ice Cave.

You collected 3735 gold pieces.
You spent 1099 gold pieces at shops.

Inventory:

Hand Weapons
 j - a +4 broad axe of flaming (weapon)
   (You took it off Urug on level 5 of the Lair of Beasts)
Missiles
 f - 5 throwing nets
 P - 5 curare-tipped darts
Armour
 s - a +2 cloak (worn)
   (You took it off Nikola on level 2 of the Spider Nest)
 u - a +2 pair of gloves (worn)
   (You found it on level 3 of the Dungeon)
 G - a +2 pair of boots (worn)
   (You found it on level 6 of the Dungeon)
 K - the +9 fire dragon scales "Duttalas" (worn) {rF++ rC- Str+3}
   (You found it on level 5 of the Lair of Beasts)

   Str:       It affects your strength (+3).
   rF:        It greatly protects you from fire.
   rC:        It makes you vulnerable to cold.
 L - a +2 hat of willpower
   (You found it on level 7 of the Dungeon)
 M - a +2 buckler (worn)
   (You took it off a tengu warrior on level 15 of the Dungeon)
 R - a +2 helmet (worn)
   (You found it on level 1 of the Lair of Beasts)
 Y - the +9 scales of the Dragon King {rPois rF+ rC+ Will+}
   (You took it off a merfolk on level 4 of the Shoals)

   rF:        It protects you from fire.
   rC:        It protects you from cold.
   rPois:     It protects you from poison.
   Will:      It increases your willpower.
Jewellery
 c - a ring of protection from cold (left hand)
   (You found it on level 3 of the Lair of Beasts)
 o - the ring "Hayfays" (right hand) {rPois rF+ Will+ Slay+3}
   (You bought it in a shop on level 3 of the Dungeon)

   [ring of willpower]

   Slay:      It affects your accuracy & damage with ranged weapons and melee
   (+3).
   rF:        It protects you from fire.
   rPois:     It protects you from poison.
   Will:      It increases your willpower.
 p - a +4 ring of protection
   (You took it off a tengu warrior on level 13 of the Dungeon)
 v - a +5 ring of evasion
   (You bought it in a shop on level 3 of the Dungeon)
 C - an amulet of magic regeneration (around neck)
   (You found it on level 5 of the Dungeon)
 U - a +5 ring of evasion
   (You found it on level 9 of the Dungeon)
Wands
 F - a wand of digging (2)
   (You found it on level 3 of the Shoals)
 I - a wand of mindburst (38)
   (You found it on level 6 of the Dungeon)
 N - a wand of paralysis (15)
   (You found it on level 2 of the Lair of Beasts)
 Q - a wand of roots (5)
   (You found it on level 8 of the Dungeon)
 T - a wand of acid (6)
   (You found it on level 4 of the Shoals)
Scrolls
 g - 3 scrolls of fog
 h - 2 scrolls of silence
 k - 2 scrolls of summoning
 l - 7 scrolls of fear
 t - 12 scrolls of teleportation
 y - 6 scrolls of magic mapping
 z - 2 scrolls of blinking
 A - 2 scrolls of immolation
 B - 2 scrolls of torment
 O - 9 scrolls of poison
 S - 6 scrolls of vulnerability
Potions
 a - 6 potions of flight
 b - 8 potions of magic
 d - 5 potions of might
 e - 3 potions of cancellation
 i - 8 potions of ambrosia
 m - 13 potions of attraction
 n - 4 potions of resistance
 q - 17 potions of curing
 w - 4 potions of heal wounds
 x - 6 potions of mutation
 E - 2 potions of berserk rage
 J - 4 potions of brilliance
 X - 4 potions of lignification
Miscellaneous
 D - a lightning rod (4/4)
   (You found it on level 2 of the Shoals)
 H - a phantom mirror
   (You found it on level 13 of the Dungeon)
 V - a phial of floods
   (You found it on level 13 of the Dungeon)
 Z - a condenser vane
   (You found it on level 13 of the Dungeon)


   Skills:
 - Level 14.0 Fighting
 - Level 16.0 Axes
 - Level 11.0 Armour
 - Level 11.0 Dodging
 - Level 1.5 Stealth
 - Level 8.0 Shields
 + Level 12.8 Spellcasting
 + Level 5.9 Conjurations
 - Level 2.2 Hexes
 + Level 17.9 Summonings
 - Level 4.0 Ice Magic
 - Level 2.5 Earth Magic
 - Level 11.0 Invocations
 - Level 7.0 Evocations


You had 10 spell levels left.
You knew the following spells:

 Your Spells              Type           Power      Damage    Failure   Level
a - Summon Hydra          Summ           50%        N/A       2%          7
b - Call Imp              Summ           100%       N/A       0%          2
c - Call Canine Familiar  Summ           100%       N/A       0%          3
d - Summon Guardian Gole  Hex/Summ       77%        N/A       1%          3
e - Summon Ice Beast      Ice/Summ       80%        N/A       1%          4
f - Summon Lightning Spi  Summ/Air       73%        N/A       1%          4
g - Leda's Liquefaction   Hex/Erth       20%        N/A       16%         4
h - Spellforged Servitor  Conj/Summ      41%        N/A       26%         7

Your spell library contained the following spells:

 Spells                   Type           Power      Damage    Failure   Level
 Summon Small Mammal      Summ           100%       N/A       0%          1
 Freeze                   Ice            100%       1d10      1%          1
 Shock                    Conj/Air       100%       1d9       1%          1
 Momentum Strike          Conj/Tloc      88%        3d10      1%          2
 Searing Ray              Conj           100%       2d8       1%          2
 Hailstorm                Conj/Ice       56%        3d12      1%          3
 Dazzling Flash           Conj/Hex       100%       N/A       2%          3
 Frozen Ramparts          Ice            100%       1d16      2%          3
 Necrotise                Necr           92%        1d8       4%          1
 Sting                    Tmut/Pois      92%        1d7       4%          1
 Blink                    Tloc           46%        N/A       6%          2
 Lesser Beckoning         Tloc           46%        N/A       6%          2
 Poisonous Vapours        Pois/Air       46%        N/A       6%          2
 Sublimation of Blood     Necr           23%        N/A       6%          2
 Wereblood                Tmut           23%        N/A       6%          2
 Vampiric Draining        Necr           23%        2d7       13%         3
 Ice Form                 Ice/Tmut       37%        N/A       19%         4
 Summon Horrible Things   Summ           50%        N/A       19%         8
 Freezing Cloud           Conj/Ice/Air   23%        6-21      30%         5
 Olgreb's Toxic Radiance  Pois           23%        N/A       38%         4
 Lee's Rapid Deconstruct  Erth           20%        3d12*     38%         5
 Yara's Violent Unravell  Hex/Tmut       15%        3d8       58%         5
 Malign Gateway           Summ/Tloc      36%        N/A       67%         7
 Agony                    Necr           23%        N/A       75%         5
 Conjure Ball Lightning   Conj/Air       22%        3x3d6     88%         6
 Simulacrum               Ice/Necr       18%        N/A       96%         6
 Statue Form              Tmut/Erth      21%        N/A       98%         6
 Enfeeble                 Hex            19%        N/A       100%        7
 Storm Form               Tmut/Air       11%        N/A       100%        7
 Discord                  Hex            19%        N/A       100%        8
 Disjunction              Tloc           11%        N/A       100%        8


Dungeon Overview and Level Annotations

Branches:
Dungeon (15/15) Zot: 35333  Temple (1/1) D:7 Zot: 8808    Lair (5/5) D:10 Zot: 30775
 Shoals (4/4) Lair:2 Zot: 29003  Spider (4/4) Lair:2 Zot: 26941   Slime (0/5) Lair:5
    Orc (2/2) D:9 Zot: 15665     Elf (0/3) Orc:2        Vaults (2/5) D:14 Zot: 14545
 Depths (0/4) D:15          Sewer (visited)           IceCv (visited)
  Crypt: Vaults:2-3

Altars:
Ashenzari
Cheibriados
Dithmenos
Elyvilon
Fedhas
Gozag
Hepliaklqana
Kikubaaqudgha
Makhleb
Nemelex Xobeh
Okawaru
Qazlal
Ru
Sif Muna
Trog
Uskayaw
Vehumet
Wu Jian
Xom
Yredelemnul
Zin
The Shining One
Beogh
Jiyva

Shops:
D:3 =   D:7 !   D:14 !   D:15 *   Orc:1 (   Orc:2 :([*   Shoals:1 ?

Annotations:
D:4 1 runed translucent door, Stoves66's ghost, weakling DsGl
Spider:4 3 runed translucent doors, Zappman123's ghost, adept BaHW


Innate Abilities, Weirdness & Mutations

You are strong-willed. (Will+)
You occasionally shout uncontrollably at your foes.


Message History

You burn the ironbound thunderhulk.
The ironbound thunderhulk hits you with a +0 dire flail.
Your nine-headed hydra bites the yaktaur captain zombie!
The yaktaur captain zombie is destroyed!
Cheibriados appreciates the change of pace.
Your nine-headed hydra bites the ironbound convoker zombie!
Your nine-headed hydra bites the ironbound convoker zombie.
Your nine-headed hydra bites the ironbound convoker zombie!
Your nine-headed hydra bites the ironbound convoker zombie!!
Your nine-headed hydra barely misses the ironbound convoker zombie.
Your nine-headed hydra bites the ironbound convoker zombie! x3
You block the titan's attack.
You hit the titan. You burn the titan.
The titan is moderately wounded.
You slash the ironbound thunderhulk! You burn the ironbound thunderhulk.
The ironbound convoker zombie hits your nine-headed hydra!
The ironbound thunderhulk closely misses you.
The titan hits you but does no damage.
You barely miss the ironbound thunderhulk.
The ironbound thunderhulk is heavily wounded.
You slash the titan! You burn the titan.
The titan's soul is no longer bound.
Your nine-headed hydra bites the titan.
Your nine-headed hydra bites the titan but does no damage. x2
Your nine-headed hydra bites the titan!
Your nine-headed hydra bites the titan but does no damage.
Your nine-headed hydra bites the titan. x2
Your nine-headed hydra completely misses the titan.
Your nine-headed hydra bites the titan!
You catch the helpless titan completely off-guard!
You hit the titan. You burn the titan.
The titan is severely wounded.
You slash the ironbound thunderhulk! You burn the ironbound thunderhulk.
The titan gestures wildly while chanting.
The titan is healed somewhat.
The ironbound convoker zombie hits your nine-headed hydra!
Your four-headed hydra bites the ironbound convoker zombie.
The ironbound convoker zombie is destroyed!
Cheibriados appreciates the change of pace.
Strange energies crackle from the ironbound thunderhulk's apparatus.
The ironbound thunderhulk blinks!
You slice the titan!! You burn the titan!
The titan is almost dead.
Your nine-headed hydra bites the titan. x2
Your nine-headed hydra bites the titan!
The titan dies!
Cheibriados appreciates the change of pace.
Electricity crackles from the ironbound thunderhulk's apparatus.
The bolt of lightning hits you!!!
You are too injured to fight recklessly!
You are too injured to fight recklessly!
You slash the sphinx! You burn the sphinx.
The sphinx is moderately wounded.
You slash the stone giant skeleton! You burn the stone giant skeleton.
Your nine-headed hydra disappears in a puff of smoke!
The sphinx hits you. The sphinx hits you but does no damage.
You block the sphinx's attack.
The stone giant skeleton hits you but does no damage.
Your four-headed hydra bites the stone giant skeleton!
Your four-headed hydra bites the stone giant skeleton.
Your four-headed hydra bites the stone giant skeleton! x2
You slice the sphinx!! You burn the sphinx!
The sphinx is heavily wounded.
You hit the stone giant skeleton. You burn the stone giant skeleton.
The sphinx hits you but does no damage. x2; You block the sphinx's attack.
Casting: Summon Hydra (dangerous; 2% risk of failure)
Confirm with . or Enter, or press ? or * to list all spells.
A seven-headed hydra appears.
Your four-headed hydra bites the stone giant skeleton!
Your four-headed hydra bites the stone giant skeleton.
Your four-headed hydra bites the stone giant skeleton!
Your four-headed hydra bites the stone giant skeleton.
The stone giant skeleton hits your four-headed hydra!
The sphinx closely misses you. The sphinx hits you but does no damage.
The sphinx completely misses you.
You slash the sphinx! You burn the sphinx.
The sphinx is severely wounded.
You slash the stone giant skeleton! You burn the stone giant skeleton.
Your four-headed hydra bites the stone giant skeleton!
Your four-headed hydra bites the stone giant skeleton. x2
Your four-headed hydra bites the stone giant skeleton!
The stone giant skeleton is destroyed!
Cheibriados appreciates the change of pace.
Strange energies crackle from the ironbound thunderhulk's apparatus.
The ironbound thunderhulk blinks!
The sphinx hits you but does no damage. x2
You block the sphinx's attack.
You slice the sphinx!! You burn the sphinx.
The sphinx is almost dead.
The sphinx mumbles some strange words.
Something smites you!
You slice the sphinx!! You burn the sphinx.
You kill the sphinx!
Cheibriados appreciates the change of pace.
A freezing mist starts to gather...
A sphinx simulacrum comes into view.
You yell at the sphinx simulacrum!
You hear a horrible gurgling sound!
You hear a shout!
Your four-headed hydra disappears in a puff of smoke!
Electricity crackles from the ironbound thunderhulk's apparatus.
The bolt of lightning hits you!!!
You die...

#.....#.......#........#
#..##.#.......#........#
#..##.#.......#........#
#.....'.......#.[......#
#...#.#.......#........##
#...#.#.......#........#.
#.....#######'#........#.
#######................'.
......D@##'#####......#.
......§.#......'......#.
....§...'......#......#.
.....Z..#......#......'.
........#......#......#.
........#......#......#.
.....O..#......#......#.
.......####'######....#.
.. #....#.


You could see an ironbound thunderhulk, a sphinx simulacrum (ally target) and a
friendly seven-headed hydra (summoned).

Vanquished Creatures
  Bai Suzhen (Shoals:3)
  A kraken (Shoals:1)
  2 sphinxes (Vaults:2)
  Polyphemus (Shoals:3)
  Ilsuiw (Shoals:3)
  A frost giant (Shoals:4)
  2 emperor scorpions
  3 ghost moths (Spider:4)
  An orc warlord (D:9)
  5 very ugly things
  An ironbound thunderhulk (Vaults:2)
  3 spark wasps
  2 dire elephants
  4 merfolk impalers
  An entropy weaver (Spider:3)
  A merfolk javelineer (Shoals:4)
  A yaktaur captain (Vaults:2)
  A catoblepas (Shoals:3)
  A radroach (Spider:3)
  A peacekeeper (Vaults:2)
  3 jorogumos (Spider:3)
  A merfolk aquamancer (Shoals:2)
  A boulder beetle (Vaults:1)
  6 centaur warriors (Vaults:1)
  2 ironbound frosthearts
  A satyr (Shoals:3)
  4 death yaks
  A sun moth (Spider:4)
  7 pharaoh ants
  A glowing orange brain (shapeshifter) (D:15)
  4 sea snakes
  4 deep trolls (Vaults:1)
  2 lindwurms
  A wizard (Vaults:1)
  A steelbarb worm (Spider:3)
  A deep elf pyromancer (D:13)
  3 orc knights (Vaults:1)
  2 harpies (Shoals:1)
  A human zombie (Vaults:1)
  2 ugly things
  6 wolf spiders
  A necromancer (Vaults:1)
  An orc sorcerer (Orc:1)
  A cyclops (Shoals:4)
  2 manticores (Shoals:4)
  3 merfolk sirens
  A moth of wrath (Spider:4)
  A faun (Shoals:2)
  A stone giant skeleton (Vaults:1)
  A water nymph (Shoals:1)
  3 torpor snails
  2 vault sentinels (Vaults:1)
  4 demonic crawlers
  A cane toad (Lair:3)
  4 yaktaurs (Vaults:1)
  A tengu simulacrum (Vaults:1)
  3 meliai (Spider:4)
  A wind drake (Shoals:1)
  17 merfolk
  A troll (D:9)
  11 tarantellas
  2 polar bears
  4 hornets (Spider:4)
  A blink frog (Lair:2)
  3 snapping turtles (Shoals:4)
  3 dream sheep (Shoals:3)
  11 slime creatures
  10 culicivoras
  8 jumping spiders
  2 wraiths (Lair:5)
  12 nameless horrors
  2 water elementals (Shoals:2)
  2 wyverns
  4 yaks
  17 redbacks
  2 vampire mosquitoes (D:11)
  2 water moccasins
  2 orc warriors (D:9)
  A black bear (D:6)
  7 centaurs
  2 wolves
  3 boggarts
  A kobold brigand (D:8)
  4 bullfrogs
  A human skeleton (Vaults:1)
  A scorpion (D:5)
  A wight (D:8)
  2 killer bees (D:10)
  2 howler monkeys
  3 crimson imps (D:4)
  7 orc priests
  6 hounds
  An iguana (D:6)
  9 orc wizards
  6 gnolls
  10 adders
  An ufetubus (D:4)
  A dart slug (D:3)
  30 orcs
  16 bats
  3 endoplasms
  6 giant cockroaches
  3 goblins
  3 hobgoblins
  7 jackals (D:4)
  3 quokkas
  4 ball pythons
  A frilled lizard (D:3)
  11 kobolds
  3 rats
394 creatures vanquished.

Vanquished Creatures (collateral kills)
  Nikola (Spider:2)
  Arachne (Spider:4)
  Rupert (D:14)
  A titan (Vaults:2)
  Frances (D:14)
  Roxanne (Spider:2)
  Kirke (Spider:2)
  Agnes (D:14)
  Donald (Orc:2)
  An emperor scorpion (Spider:4)
  A ghost moth (Spider:1)
  Louise (Spider:4)
  2 vault wardens (Vaults:1)
  2 orc warlords
  An ironbound preserver (Vaults:1)
  3 very ugly things
  5 dire elephants
  An ironbound thunderhulk (Vaults:1)
  Snorg (Lair:5)
  7 merfolk javelineers
  A crystal guardian (Vaults:2)
  3 entropy weavers
  9 merfolk impalers
  The ghost of archydragon the Cleaver, a journeyman MiGl of Okawaru (D:10)
  4 yaktaur captains
  3 great orbs of eyes
  Josephine (Lair:5)
  Erolcha (D:9)
  6 hydras
  3 ice dragons
  6 centaur warriors
  A catoblepas (D:15)
  2 two-headed ogres
  An ironbound frostheart (Vaults:2)
  4 merfolk avatars
  3 merfolk aquamancers
  2 dancing weapons (D:14)
  2 radroaches
  10 boulder beetles
  10 death yaks
  A satyr (Shoals:4)
  4 tengu warriors
  An orc high priest (Orc:2)
  Urug (Lair:5)
  Amaemon (Lair:1)
  A sun moth (Spider:4)
  3 pharaoh ants
  5 skeletal warriors
  9 orb spiders
  7 sea snakes
  An ironbound convoker (Vaults:2)
  10 steelbarb worms
  2 wizards
  3 lindwurms (Vaults:1)
  A deep elf archer (D:13)
  Pikel (D:6)
  A necromancer (Vaults:2)
  5 harpies
  5 orc knights
  11 wolf spiders
  2 deep elf pyromancers
  5 fauns
  16 ugly things
  4 orc sorcerers
  11 manticores
  6 cyclopes
  5 elephants (Lair:4)
  7 nameless horrors
  2 black mambas
  11 centaur zombies (D:13)
  A stone giant skeleton (Vaults:2)
  4 demonic crawlers
  2 moths of wrath
  2 ice statues (IceCv)
  2 water nymphs
  6 slime creatures
  13 merfolk sirens
  12 cane toads
  3 gargoyles
  4 torpor snails
  A vault sentinel (Vaults:2)
  An orange demon (Lair:1)
  An unseen horror (D:13)
  A yaktaur zombie (Vaults:2)
  13 komodo dragons
  5 yaktaurs
  3 efreet
  2 tengu conjurers (D:15)
  A kobold demonologist (D:13)
  4 rime drakes (IceCv)
  A troll (shapeshifter) (D:15)
  25 merfolk
  23 tarantellas
  5 wind drakes
  4 trolls
  13 blink frogs
  4 snapping turtles
  6 polar bears
  5 hornets
  18 jumping spiders
  14 dream sheep
  16 culicivoras
  A wyvern (D:10)
  14 spriggans (Lair:5)
  A vampire (D:10)
  6 water elementals
  4 wraiths
  Eustachio (D:5)
  26 yaks
  An elf zombie (Vaults:2)
  A shadow (D:12)
  3 hogs (Spider:2)
  2 basilisks
  Grum (D:11)
  38 redbacks
  2 vampire mosquitoes (D:11)
  3 wargs
  3 acid dragons
  11 water moccasins
  29 orc warriors
  A human zombie (Vaults:2)
  6 black bears (Lair:5)
  5 boggarts
  35 wolves
  5 ogres
  8 centaurs
  A lemure (D:6)
  A kobold brigand (D:8)
  A gnoll sergeant (D:12)
  4 bullfrogs
  4 wights
  A killer bee (D:10)
  A lindwurm simulacrum (IceCv)
  6 electric eels
  2 howler monkeys
  8 komodo dragon simulacra (IceCv)
  2 jellies
  2 hounds
  10 orc priests
  2 gnoll boudas (D:7)
  Terence (D:2)
  10 orc wizards
  An iguana (D:6)
  17 gnolls
  4 acid dragon simulacra (IceCv)
  5 adders (Lair:3)
  8 steam dragon simulacra (IceCv)
  2 dart slugs (D:1)
  65 orcs
  4 bats (D:1)
  4 endoplasms
  A giant cockroach (D:6)
  A hobgoblin (D:1)
  5 quokkas
  3 ball pythons (D:1)
  A goblin (D:1)
  13 kobolds
  5 rats
  2 tentacles (Shoals:1)
868 creatures vanquished.

Vanquished Creatures (others)
  Erica (D:8)
  A manticore (Shoals:4)
  Maggie (D:8)
  A merfolk (Shoals:4)
  Grinder (D:6)
  A hornet (D:8)
  A culicivora (Spider:4)
  A yak (D:8)
  Menkaure (D:6)
  An acid dragon (D:10)
  A water moccasin (Sewer)
  2 orc warriors (Orc:1)
  A boggart (D:15)
  A wolf (D:10)
  2 wights
  3 killer bees (D:10)
  An orc priest (Orc:1)
  A shadow imp (D:6)
  An orc (Orc:1)
  42 fungi
  97 plants
  9 tentacles (Shoals:1)
  3 withered plants (D:13)
174 creatures vanquished.

Grand Total: 1436 creatures vanquished

Notes
Turn   | Place    | Note
-------+----------+-------------------------------------------
     0 | D:1      | Flugkiller the Hill Orc Summoner began the quest for the
                  | Orb.
     0 | D:1      | Reached XP level 1. HP: 14/14 MP: 3/3
   183 | D:1      | Reached XP level 2. HP: 22/22 MP: 3/5
   232 | D:1      | Learned a level 2 spell: Call Imp
   241 | D:1      | Reached skill level 1 in Fighting
   759 | D:1      | Reached XP level 3. HP: 28/28 MP: 6/6
   840 | D:1      | Found a faded altar of an unknown god.
  1325 | D:2      | Noticed Terence
  1430 | D:1      | Learned a level 3 spell: Call Canine Familiar
  1650 | D:2      | Killed Terence
  1651 | D:2      | Reached skill level 5 in Summonings
  1651 | D:2      | Reached XP level 4. HP: 32/35 MP: 1/7
  2138 | D:3      | Reached XP level 5. HP: 40/40 MP: 2/8
  2517 | D:3      | Found Rosuseec's Jewellery Shoppe.
  3114 | D:3      | Learned a level 3 spell: Summon Guardian Golem
  3239 | D:4      | Reached skill level 6 in Summonings
  3248 | D:4      | Reached XP level 6. HP: 42/47 MP: 7/10
  3472 | D:4      | Found a shimmering altar of Xom.
  3696 | D:4      | Found a runed translucent door.
  3705 | D:4      | Noticed Stoves66's ghost (weakling DsGl)
  3973 | D:4      | Found a white marble altar of Elyvilon.
  4410 | D:4      | Reached XP level 7. HP: 56/57 MP: 8/11
  4436 | D:4      | Reached skill level 7 in Summonings
  4620 | D:5      | Entered Level 5 of the Dungeon
  5232 | D:5      | Found a shadowy altar of Dithmenos.
  5817 | D:6      | Noticed Menkaure
  5834 | D:6      | Killed Menkaure
  5835 | D:6      | Reached skill level 8 in Summonings
  5835 | D:6      | Reached XP level 8. HP: 63/63 MP: 9/14
  5861 | D:6      | Found a glowing drain.
  5959 | Sewer    | Entered a sewer
  6188 | D:6      | Noticed Grinder
  6192 | D:6      | Paralysed by Grinder for 2 turns
  6266 | D:6      | Noticed Eustachio
  6305 | D:5      | Killed Eustachio
  6306 | D:5      | Reached skill level 9 in Summonings
  6517 | D:6      | Noticed Pikel
  6862 | D:6      | Reached skill level 1 in Ice Magic
  6949 | D:6      | Paralysed by Grinder for 2 turns
  6964 | D:6      | Killed Grinder
  6965 | D:6      | Reached XP level 9. HP: 38/72 MP: 9/15
  7042 | D:6      | Killed Pikel
  7043 | D:6      | Reached skill level 5 in Fighting
  7043 | D:6      | Reached skill level 5 in Spellcasting
  8002 | D:7      | Found Bilucsal's Distillery.
  8676 | D:7      | Found an ornate altar of the Wu Jian Council.
  9567 | D:7      | Found a staircase to the Ecumenical Temple.
  9576 | Temple   | Entered the Ecumenical Temple
  9695 | Temple   | Became a worshipper of Cheibriados the Contemplative
  9713 | D:7      | Learned a level 4 spell: Summon Ice Beast
  9816 | D:3      | Bought a +5 ring of evasion for 396 gold pieces
 10146 | D:8      | Reached skill level 10 in Summonings
 10187 | D:8      | Noticed Maggie
 10224 | D:8      | Reached XP level 10. HP: 78/81 MP: 11/19
 10312 | D:8      | Killed Maggie
 10522 | D:8      | Found a sparkling altar of Nemelex Xobeh.
 10527 | D:8      | Noticed Erica
 10591 | D:8      | Killed Erica
 10765 | D:8      | Reached * piety under Cheibriados
 10960 | D:8      | Found a blossoming altar of Fedhas.
 11133 | D:8      | Found an ancient bone altar of Kikubaaqudgha.
 11235 | D:8      | Found a sacrificial altar of Ru.
 11236 | D:8      | Found a glowing golden altar of the Shining One.
 11479 | D:9      | Found a broken altar of Ashenzari.
 11802 | D:9      | Reached skill level 11 in Summonings
 12190 | D:9      | Noticed Erolcha
 12305 | D:10     | Entered Level 10 of the Dungeon
 12466 | D:10     | Reached ** piety under Cheibriados
 12620 | D:10     | Reached skill level 5 in Dodging
 12655 | D:10     | Reached XP level 11. HP: 86/86 MP: 13/21
 12855 | D:10     | Found a runed translucent gate.
 12855 | D:10     | Found a runed translucent gate.
 12855 | D:10     | Found a runed translucent gate.
 12855 | D:10     | Noticed archydragon's ghost (journeyman MiGl)
 12855 | D:10     | Noticed a ten-headed hydra
 13048 | D:10     | Found a stormy altar of Qazlal.
 13328 | D:10     | Found a staircase to the Lair.
 13725 | Lair:1   | Entered Level 1 of the Lair of Beasts
 13826 | Lair:1   | Reached skill level 12 in Summonings
 13894 | Lair:1   | Learned a level 4 spell: Summon Lightning Spire
 13974 | Lair:1   | Identified the +5 whip "Kegas" {flame, Str+2 Stlth+}
 13981 | Lair:1   | You fall into a shaft and drop 1 floor!
 14417 | Lair:1   | Reached *** piety under Cheibriados
 14477 | Lair:1   | Noticed Amaemon
 14497 | Lair:1   | Killed Amaemon
 14608 | Lair:1   | Noticed a four-headed hydra
 14614 | Lair:1   | Killed a four-headed hydra
 14615 | Lair:1   | Reached skill level 13 in Summonings
 14867 | Lair:1   | Reached XP level 12. HP: 58/94 MP: 15/24
 15002 | Lair:2   | Found a staircase to the Shoals.
 15024 | Lair:2   | Reached skill level 14 in Summonings
 15307 | Lair:2   | Learned a level 7 spell: Summon Hydra
 15337 | Lair:2   | Noticed a boulder beetle
 15347 | Lair:2   | Killed a boulder beetle
 15520 | Lair:2   | Found a hole to the Spider Nest.
 15622 | Lair:2   | Reached skill level 15 in Summonings
 15630 | Lair:2   | Reached skill level 1 in Invocations
 15817 | Lair:3   | Reached skill level 1 in Evocations
 15824 | Lair:3   | Reached **** piety under Cheibriados
 16056 | Lair:3   | Noticed a death yak
 16057 | Lair:3   | Noticed a death yak
 16062 | Lair:3   | Killed a death yak
 16071 | Lair:3   | Killed a death yak
 16072 | Lair:3   | Noticed a death yak
 16077 | Lair:3   | Noticed a death yak
 16079 | Lair:3   | Killed a death yak
 16080 | Lair:3   | Noticed a death yak
 16082 | Lair:3   | Killed a death yak
 16089 | Lair:3   | Killed a death yak
 16090 | Lair:3   | Reached XP level 13. HP: 70/104 MP: 16/25
 16234 | Lair:3   | Reached skill level 5 in Invocations
 16253 | Lair:3   | Reached ***** piety under Cheibriados
 16383 | Lair:3   | Found a glowing golden altar of the Shining One.
 16426 | Lair:3   | Identified the +7 battleaxe "Qiwkuimn" {flame, rN+}
 17344 | Lair:4   | Reached skill level 16 in Summonings
 18381 | Lair:5   | Entered Level 5 of the Lair of Beasts
 18422 | Lair:5   | Found a staircase to the Slime Pits.
 18423 | Lair:5   | Found a viscous altar of Jiyva.
 18439 | Lair:5   | Found a shimmering altar of Xom.
 18546 | Lair:5   | Reached skill level 10 in Invocations
 18659 | Lair:5   | Noticed Snorg
 18660 | Lair:5   | Killed Snorg
 18753 | Lair:5   | Reached ****** piety under Cheibriados
 18755 | Lair:5   | Reached XP level 14. HP: 118/118 MP: 21/26
 18826 | Lair:5   | Paralysed by a hornet for 2 turns
 19066 | Lair:5   | Identified the +9 fire dragon scales "Duttalas" {rF++ rC-
                  | Str+3}
 19130 | Lair:5   | Paralysed by a hornet for 1 turns
 19566 | Lair:5   | Noticed Josephine
 19584 | Lair:5   | Reached skill level 10 in Fighting
 19641 | Lair:5   | Identified the +0 chain mail of Parlour Games {rPois rN+
                  | Str+3}
 19731 | Lair:5   | Noticed Urug
 19739 | Lair:5   | Killed Urug
 20385 | Lair:5   | Killed Josephine
 20386 | Lair:5   | Reached skill level 5 in Evocations
 20740 | Lair:5   | Found a staircase to the Slime Pits.
 20742 | Lair:5   | Found a viscous altar of Jiyva.
 20907 | Lair:5   | Found a shimmering altar of Xom.
 21107 | Lair:5   | Found a viscous altar of Jiyva.
 21108 | Lair:5   | Found a staircase to the Slime Pits.
 21109 | Lair:5   | Found a shimmering altar of Xom.
 22119 | D:10     | Killed archydragon's ghost
 22339 | D:11     | Noticed Grum
 22342 | D:11     | Killed Grum
 22446 | D:11     | Found an ornate altar of the Wu Jian Council.
 23113 | D:12     | Reached skill level 1 in Shields
 24104 | D:13     | Reached skill level 5 in Shields
 24183 | D:13     | Reached XP level 15. HP: 69/129 MP: 2/27
 25002 | D:14     | Noticed Agnes
 25003 | D:14     | Noticed Rupert
 25007 | D:14     | Killed Agnes
 25010 | D:14     | Killed Rupert
 25196 | D:14     | Found Bethy's Distillery.
 25477 | D:14     | Noticed Frances
 25484 | D:14     | Killed Frances
 25487 | D:14     | Found a gate to the Vaults.
 25769 | D:14     | Identified a scroll of acquirement
 25774 | D:14     | Acquired Sif Muna's Tome of the Lungs and the Commander
 26337 | D:15     | Entered Level 15 of the Dungeon
 26412 | D:15     | Identified the +5 quarterstaff of Gallantry {flame, Stlth+}
 26880 | D:15     | Found a staircase to the Depths.
 27558 | D:15     | Found an opulent altar of Gozag.
 27559 | D:15     | Found Gozag's Platinum Reserve.
 28043 | D:9      | Killed Erolcha
 28126 | D:9      | Found a staircase to the Orcish Mines.
 28217 | Orc:1    | Entered Level 1 of the Orcish Mines
 28217 | Orc:1    | Noticed an orc warlord
 28228 | Orc:1    | Found a roughly hewn altar of Beogh.
 28238 | D:9      | Killed an orc warlord
 28526 | Orc:1    | Found Bintu's Weapon Boutique.
 28546 | Orc:1    | Found a roughly hewn altar of Beogh.
 29062 | Orc:2    | Entered Level 2 of the Orcish Mines
 29193 | Orc:1    | Reached skill level 17 in Summonings
 29355 | Orc:2    | Found a frozen archway.
 29367 | IceCv    | Entered an ice cave
 29594 | IceCv    | Reached XP level 16. HP: 143/143 MP: 23/29
 29973 | Orc:2    | Found a staircase to the Elven Halls.
 30012 | Orc:2    | Noticed Donald
 30024 | Orc:2    | Killed Donald
 30171 | Orc:2    | Reached skill level 10 in Spellcasting
 30490 | Orc:2    | Found a roughly hewn altar of Beogh.
 30530 | Orc:2    | Found Zuigih's Antique Weapon Emporium.
 30650 | Orc:2    | Found Kaogauf's General Store.
 30675 | Orc:2    | Found Bugris's Antique Armour Emporium.
 30690 | Orc:2    | Found Xeifec's Book Emporium.
 31033 | Spider:1 | Entered Level 1 of the Spider Nest
 31149 | Spider:1 | Reached skill level 1 in Axes
 31159 | Spider:1 | Reached skill level 1 in Armour
 31849 | D:3      | Bought the ring "Hayfays" {rPois rF+ Will+ Slay+3} for 613
                  | gold pieces
 32972 | Spider:2 | Noticed Roxanne
 33249 | Spider:2 | Killed Roxanne
 33617 | Spider:2 | Reached skill level 5 in Axes
 33906 | Spider:2 | Noticed Nikola
 33911 | Spider:2 | Killed Nikola
 33972 | Spider:2 | Noticed Kirke
 33978 | Spider:2 | Killed Kirke
 34276 | Spider:2 | Reached skill level 5 in Armour
 34541 | Spider:3 | Learned a level 4 spell: Leda's Liquefaction
 34555 | Spider:3 | Reached XP level 17. HP: 152/152 MP: 19/31
 34623 | Spider:3 | Reached skill level 1 in Earth Magic
 34692 | Spider:3 | Reached skill level 1 in Hexes
 34696 | Spider:3 | Gained mutation: You are dopey. (Int -2) [mutagenic glow]
 34704 | Spider:3 | Gained mutation: You have hidden genetic defects.
                  | [mutagenic glow]
 34814 | Spider:3 | Lost mutation: You are dopey. (Int -2) [potion of mutation]
 34814 | Spider:3 | Lost mutation: You have hidden genetic defects. [potion of
                  | mutation]
 34814 | Spider:3 | Gained mutation: You are strong-willed. (Will+) [potion of
                  | mutation]
 34814 | Spider:3 | Gained mutation: You occasionally shout uncontrollably at
                  | your foes. [potion of mutation]
 35109 | Spider:3 | Reached skill level 10 in Dodging
 35347 | Spider:4 | Entered Level 4 of the Spider Nest
 35707 | Spider:4 | Noticed Arachne
 35723 | Spider:4 | Killed Arachne
 35893 | Spider:4 | Found a runed translucent gate.
 35899 | Spider:4 | Found a runed translucent gate.
 35899 | Spider:4 | Found a runed translucent gate.
 36212 | Spider:4 | Noticed Louise
 36217 | Spider:4 | Killed Louise
 36418 | Spider:4 | Noticed Zappman123's ghost (adept BaHW)
 36419 | Spider:4 | Found the dreamshard necklace {*Dream Drain}
 36932 | Spider:4 | Reached XP level 18. HP: 71/160 MP: 23/32
 37192 | Spider:4 | Identified the +0 hat of the Swamp {rF+}
 37234 | Spider:4 | Got a gossamer rune of Zot
 37661 | Shoals:1 | Entered Level 1 of the Shoals
 37763 | Shoals:1 | Reached skill level 10 in Axes
 38033 | Shoals:1 | Found Ygecvur's Magic Scroll Shop.
 38629 | Shoals:1 | Bought a scroll of enchant armour for 90 gold pieces
 38926 | Shoals:2 | You fall into a shaft and drop 1 floor!
 38960 | Shoals:3 | Noticed Polyphemus
 38979 | Shoals:3 | Killed Polyphemus
 39287 | Shoals:3 | Reached skill level 10 in Armour
 39290 | Shoals:3 | Noticed Bai Suzhen
 39304 | Shoals:3 | Noticed Ilsuiw
 39308 | Shoals:3 | Killed Bai Suzhen
 40527 | Shoals:3 | Killed Ilsuiw
 40770 | Shoals:4 | Entered Level 4 of the Shoals
 40809 | Shoals:4 | Reached XP level 19. HP: 152/167 MP: 27/34
 40847 | Shoals:4 | Got a barnacled rune of Zot
 41039 | Shoals:4 | Identified the +5 scale mail of Jigsaw {Int+3 Dex+2}
 41272 | Shoals:4 | Reached skill level 15 in Axes
 41966 | Shoals:4 | Got Sif Muna's Spellbook of Assembled Blasting
 42119 | Shoals:4 | Learned a level 7 spell: Spellforged Servitor
 42364 | Vaults:1 | Entered Level 1 of the Vaults
 42412 | Vaults:1 | Reached skill level 1 in Conjurations
 44293 | Vaults:2 | Reached skill level 5 in Conjurations
 44397 | Vaults:2 | Reached XP level 20. HP: 169/174 MP: 32/36
 44651 | Vaults:2 | Killed from afar by an ironbound thunderhulk

Illustrated notes

Levels and vault maps discovered:
D:1:      evilmike_arrival_rings, layout_basic, shapermc_ecumenical_altar_venn
D:2:      layout_loops_cross, uniq_terence
D:3:      layout_loops_cross, serial_shops, shop
D:4:      layout_loops_ring, led_xom_imps, mainiacjoe_overflow_small_starburst,
          ebering_ghost_sewer_d
D:5:      layout_cave_pools, grunt_dithmenos_smoke
D:6:      layout_basic, portal_sewer_entry_f, corexii_leaking_fountain,
          wad_floor_pattern_2, uniq_pikel, uniq_grinder, uniq_eustachio,
          uniq_menkaure
D:7:      layout_basic, mainiacjoe_overflow_brackets, temple_hall, serial_shops,
          shop, serial_co_window_serial, co_window_of_opportunity_a,
          co_window_corner_a, co_window_of_opportunity_a,
          co_window_of_opportunity_a, co_window_paths_a,
          co_window_of_opportunity_b, co_window_cross_3, co_window_broadway_b,
          co_window_corner_b, co_window_2corner, co_window_corner_b,
          glass_columns_b, glass_columns_a, glass_columns_a
D:8:      layout_basic, mainiacjoe_overflow_catwalk, fedhas_altar_1,
          grunt_temple_overflow_open, mainiacjoe_overflow_boulevard, uniq_erica,
          uniq_maggie
D:9:      layout_basic, ashenzari_altar_1, david_orc_4,
          nicolae_concentric_dashed_squares_wild, uniq_erolcha
D:10:     layout_stronghold, lemuel_round_altar, erik_lair_island,
          gammafunk_ghost_hydra_chop
D:11:     layout_loops_ring, nzn_wu_jian_contemplation, uniq_grum
D:12:     nicolae_moon_pools, layout_gridville
D:13:     minmay_the_grid_triangle_9x9_recursive_2_mashed
          [minmay_the_grid_triangle_9x9_prize_center,
          minmay_the_grid_triangle_9x9_flanged_cone,
          minmay_the_grid_triangle_9x9_limited_checkers,
          minmay_the_grid_triangle_9x9_corrupted_corridor],
          layout_irregular_city, serial_undead, serial_undead_c,
          serial_undead_b, serial_undead_d, serial_undead_f, serial_undead_c
D:14:     layout_basic, erik_vaults_1, minmay_crystal_water, serial_shops, shop,
          uniq_agnes, uniq_rupert, uniq_frances
D:15:     grunt_enter_depths_hoard, layout_basic,
          nicolae_gozag_zags_fifth_avenue, chequers_mini_garden, chequers_jeans
Temple:   jpeg_temple_clearing
Lair:1:   layout_layer_cave, uniq_amaemon
Lair:2:   layout_gridlike, minmay_shoals_entry_centaurs,
          nicolae_spider_entry_lesser_pyramids
Lair:3:   minmay_lair_venomous_thicket, layout_hall_layers, basic_altar,
          serial_bayou_shore_b, grunt_megastairs_2
Lair:4:   layout_cave_pods, columned_hall_lemuel
Lair:5:   minmay_lair_end_enchanted_forest, layout_concentric_octagons,
          slime_entry_1, basic_altar, serial_bayou_shore_a, uniq_snorg,
          uniq_josephine, uniq_urug
Shoals:1: layout_shoals, serial_shops, shop_statue, nicolae_shoals_water_booths
Shoals:2: layout_shoals
Shoals:3: layout_shoals, uniq_bai_suzhen, uniq_polyphemus, uniq_ilsuiw
Shoals:4: shoals_end_grunt_ice, layout_shoals
Spider:1: layout_spider_delve
Spider:2: layout_chambers, nicolae_spider_spiderdrome, uniq_roxanne, uniq_kirke,
          uniq_nikola
Spider:3: nicolae_spider_obnoxious_hallway
Spider:4: spider_rune_water, ebering_ghost_rock_garden,
          nicolae_spider_rock_and_or_roll, uniq_arachne, uniq_louise
Orc:1:    layout_caves, basic_altar, serial_shops,
          nicolae_shop_bloodbath_and_beyond, mines2_david
Orc:2:    grunt_orc_cross, layout_caves, portal_ice_cave_entry_pillars_1,
          uniq_donald
Vaults:1: vaults_room_boxed, vaults_room_semicircle, grunt_vaults_hallway_short,
          v_misc_29, v_misc_22, v_misc_12, v_pattern_3, hangedman_vaults_impose,
          v_misc_3, ontoclasm_vaults_misaligned, layout_vaults_omnicross
Vaults:2: nicolae_vaults_good_morning_starshine, hangedman_vaults_slice,
          hangedman_vaults_corner, v_pattern_1,
          nicolae_vaults_windows_and_doors_thing, ontoclasm_vaults_spin,
          vaults_room_fancy_cross, ontoclasm_vaults_hangar,
          ontoclasm_vaults_decontamination, v_misc_30, vaults_dpeg_hooks,
          grunt_vaults_hallway_short, ontoclasm_vaults_twist,
          layout_vaults_omnibox

Skill      XL: |  1  2  3  4  5  6  7  8  9 10 11 12 13 14 15 16 17 18 19 |
---------------+----------------------------------------------------------+-----
Spellcasting   | 2 3 4 6 7 8 9 10 11 12 | 12.8
Fighting       | 1 3 4 5 6 9 11 13 14 | 14.0
Summonings     | 5 6 8 9 10 11 13 15 16 17 | 17.9
Ice Magic      | 1 4 |  4.0
Dodging        | 2 5 6 7 8 9 10 11 | 11.0
Invocations    | 4 10 11 | 11.0
Evocations     | 3 4 7 |  7.0
Shields        | 7 8 |  8.0
Axes           | 6 9 13 16 | 16.0
Armour         | 5 8 11 | 11.0
Earth Magic    | 2 |  2.5
Hexes          | 2 |  2.2
Conjurations   | 5 |  5.9
Stealth        | |  1.5

Action                     |  1- 3 |  4- 6 |  7- 9 | 10-12 | 13-15 | 16-18 | 19-21 || total
---------------------------+-------+-------+-------+-------+-------+-------+-------++-------
  Melee: Unarmed           |    11 |       |       |       |       |       |       ||    11
         Dagger            |    64 |   179 |   269 |   119 |       |       |       ||   631
         Punch             |       |     4 |     7 |     4 |     5 |       |       ||    20
         Whip              |       |       |       |    96 |   322 |    26 |       ||   444
         Broad axe         |       |       |       |       |       |   400 |   278 ||   678
   Cast: Summon Small Mamm |    14 |     3 |       |       |       |       |       ||    17
         Call Imp          |    15 |     7 |     3 |     1 |       |       |       ||    26
         Call Canine Famil |     1 |    10 |    28 |    27 |     5 |     8 |     1 ||    80
         Summon Guardian G |       |     1 |     8 |    11 |     6 |     5 |     1 ||    32
         Summon Ice Beast  |       |       |     5 |    36 |     4 |       |     1 ||    46
         Summon Lightning  |       |       |       |    13 |     4 |     1 |     1 ||    19
         Summon Hydra      |       |       |       |    10 |   227 |   290 |    92 ||   619
         Leda's Liquefacti |       |       |       |       |       |     2 |       ||     2
 Invoke: Step From Time    |       |       |       |       |     1 |       |       ||     1
         Slouch            |       |       |       |       |       |    10 |       ||    10
  Evoke: Wand              |       |       |       |     5 |     2 |     4 |     2 ||    13
         Phial of floods   |       |       |       |       |       |     1 |       ||     1
         Condenser vane    |       |       |       |       |       |     3 |       ||     3
    Use: Scroll            |     2 |     6 |     6 |     7 |    10 |    12 |       ||    43
         Potion            |       |     1 |     5 |     2 |       |     8 |       ||    16
   Stab: Sleeping          |     3 |     3 |     2 |       |       |       |       ||     8
         Distracted        |       |       |     2 |     5 |    10 |    13 |     6 ||    36
         Invisible         |       |       |       |       |       |     1 |       ||     1
         Petrified         |       |       |       |       |       |     5 |       ||     5
         Petrifying        |       |       |       |       |       |     1 |       ||     1
 Armour: Robe              |    26 |    50 |    90 |    14 |       |       |       ||   180
         Leather armour    |       |       |       |    46 |    95 |     5 |       ||   146
         Fire dragon scale |       |       |       |       |       |   457 |   180 ||   637
  Dodge: Dodged            |    67 |   110 |   211 |   424 |   771 |  1070 |   314 ||  2967
  Block: Buckler           |       |       |       |       |   146 |   484 |   170 ||   800

Table legend: (Time is in decaauts)
 A = Elapsed time spent in this place.
 B = Non-inter-level travel time spent in this place.
 C = Inter-level travel time spent in this place.
 D = Time resting spent in this place.
 E = Time spent auto-exploring this place.
 F = Levels seen in this place.
 G = Mean time per level.
                   A        B        C        D        E       F      G
               +--------+--------+--------+--------+--------+-----+--------+
         Total |  63990 |  56634 |   7356 |  13031 |  32672 |  35 | 1828.3 |
       Dungeon |  26682 |  22589 |   4093 |   5521 |  12762 |  15 | 1778.8 |
        Temple |    133 |    100 |     33 |      0 |     64 |   1 |  133.0 |
          Lair |  14234 |  12567 |   1667 |   2005 |   8749 |   5 | 2846.8 |
        Shoals |   6991 |   6421 |    570 |   1472 |   3512 |   4 | 1747.8 |
   Spider Nest |   9056 |   8323 |    733 |   2558 |   3912 |   4 | 2264.0 |
  Orcish Mines |   2333 |   2161 |    172 |    506 |   1136 |   2 | 1166.5 |
        Vaults |   3458 |   3374 |     84 |    702 |   2111 |   2 | 1729.0 |
         Sewer |    202 |    202 |      0 |    104 |     35 |   1 |  202.0 |
      Ice Cave |    898 |    898 |      0 |    161 |    390 |   1 |  898.0 |
               +--------+--------+--------+--------+--------+-----+--------+

Top non-repeatable levels by time:
  Lair:5: 5977 daAuts
    D:10: 2853 daAuts
    D:14: 2796 daAuts
Spider:4: 2563 daAuts
Spider:2: 2531 daAuts
  Lair:1: 2417 daAuts
Vaults:1: 2364 daAuts
     D:7: 2355 daAuts
Spider:1: 2314 daAuts
    D:15: 2260 daAuts
Shoals:4: 2188 daAuts
  Lair:4: 2185 daAuts
    D:13: 2121 daAuts
  Lair:3: 1943 daAuts
     D:8: 1869 daAuts
